MLB
COLORADO ROCKIES @ PITTSBURGH PIRATES
08/08/2041
 
TOP OF THE 1ST
Colorado Rockies batting - Pitching for Pittsburgh Pirates : RHP Jim Griffith
Pitching: RHP Jim Griffith
Batting: RHB Ron Long 0-0: Foul Ball, location: 9LMF
0-1: Ball
1-1: Ball
2-1: Ground out 4-3 (Groundball, 34, EV 101.9 MPH)
Batting: LHB Eric Merritt 0-0: Called Strike
0-1: Foul Ball, location: 2F
0-2: Ball
1-2: Foul Ball, location: 7LSF
1-2: Ball
2-2: Foul Ball, location: 7LSF
2-2: Fly out, F3 (Popup, 3SF, EV 83.8 MPH)
Batting: RHB Derek Hallyard 0-0: Foul Ball, location: 9LMF
0-1: Ball
1-1: Foul Ball, location: 2F
1-2: Foul Ball, location: 5FF
1-2: Ball
2-2: Ball
3-2: Ground out 5-3 (Groundball, 56, EV 85.0 MPH)
Top of the 1st over - 0 runs, 0 hits, 0 errors, 0 left on base; Colorado 0 - Pittsburgh 0
BOTTOM OF THE 1ST
Pittsburgh Pirates batting - Pitching for Colorado Rockies : RHP Ed Dunlap
Pitching: RHP Ed Dunlap
Batting: LHB Raúl Gallegos 0-0: Ground out 3-1 (Groundball, 34S, EV 90.6 MPH)
Batting: LHB Devin Henderson 0-0: Called Strike
0-1: Foul Ball, location: 7LMF
0-2: Ball
1-2: Ball
2-2: Ball
3-2: Strikes out swinging
Batting: LHB Cisco Silva 0-0: Ball
1-0: Fly out, F8 (Flyball, 8LM, EV 90.6 MPH)
Bottom of the 1st over - 0 runs, 0 hits, 0 errors, 0 left on base; Colorado 0 - Pittsburgh 0
TOP OF THE 2ND
Colorado Rockies batting - Pitching for Pittsburgh Pirates : RHP Jim Griffith
Batting: LHB Pancho Cervantez 0-0: Ball
1-0: Foul Ball, location: 2F
1-1: Ball
2-1: Swinging Strike
2-2: Foul Ball, location: 7LSF
2-2: Ball
3-2: Fly out, F8 (Line Drive, 8RS, EV 87.5 MPH)
Batting: LHB António Caligas 0-0: Called Strike
0-1: Foul Ball, location: 7LMF
0-2: Strikes out swinging
Batting: RHB Kurt Carpenter 0-0: Ball
1-0: Called Strike
1-1: Swinging Strike
1-2: Ball
2-2: Strikes out looking
Top of the 2nd over - 0 runs, 0 hits, 0 errors, 0 left on base; Colorado 0 - Pittsburgh 0
BOTTOM OF THE 2ND
Pittsburgh Pirates batting - Pitching for Colorado Rockies : RHP Ed Dunlap
Batting: LHB Jeff Dickson 0-0: Ball
1-0: Swinging Strike
1-1: Fly out, F8 (Line Drive, 8LM, EV 94.4 MPH)
Batting: LHB Josh Mason 0-0: Ball
1-0: Called Strike
1-1: Foul Ball, location: 5SF
1-2: Foul Ball, location: 25F
1-2: Ground out 6-3 (Groundball, 4MD, EV 96.3 MPH)
Batting: LHB Juan Padilla 0-0: Swinging Strike
0-1: Swinging Strike
0-2: Fly out, F7 (Flyball, 7LSF, EV 95.6 MPH)
Bottom of the 2nd over - 0 runs, 0 hits, 0 errors, 0 left on base; Colorado 0 - Pittsburgh 0
TOP OF THE 3RD
Colorado Rockies batting - Pitching for Pittsburgh Pirates : RHP Jim Griffith
Batting: LHB Juan Barrón 0-0: Called Strike
0-1: Fly out, F7 (Flyball, 7S, EV 96.3 MPH)
Batting: RHB Tim Burns 0-0: Called Strike
0-1: Ground out 4-3 (Groundball, 4, EV 77.5 MPH)
Batting: LHB Juan Costa 0-0: Called Strike
0-1: Called Strike
0-2: SINGLE (Line Drive, 34, EV 103.1 MPH)
Batting: RHB Ron Long 0-0: Called Strike
0-1: Fly out, F4 (Line Drive, 4, EV 64.4 MPH)
Top of the 3rd over - 0 runs, 1 hit, 0 errors, 1 left on base; Colorado 0 - Pittsburgh 0
BOTTOM OF THE 3RD
Pittsburgh Pirates batting - Pitching for Colorado Rockies : RHP Ed Dunlap
Batting: LHB José Velasco 0-0: Ball
1-0: Fly out, F8 (Line Drive, 8LD, EV 94.4 MPH)
Batting: RHB Al Sexton 0-0: Fly out, F9 (Flyball, 9LS, EV 90.6 MPH)
Batting: RHB José Fajardo 0-0: Fly out, F8 (Flyball, 8RD, EV 90.6 MPH)
Bottom of the 3rd over - 0 runs, 0 hits, 0 errors, 0 left on base; Colorado 0 - Pittsburgh 0
TOP OF THE 4TH
Colorado Rockies batting - Pitching for Pittsburgh Pirates : RHP Jim Griffith
Batting: LHB Eric Merritt 0-0: Fly out, F9 (Flyball, 9D, EV 107.5 MPH)
Batting: RHB Derek Hallyard 0-0: Called Strike
0-1: Foul Ball, location: 2F
0-2: Ball
1-2: Ball
2-2: Ball
3-2: Fly out, F5 (Popup, 56, EV 73.1 MPH)
Batting: LHB Pancho Cervantez 0-0: Ball
1-0: Ball
2-0: Ball
3-0: Base on Balls
Batting: LHB António Caligas 0-0: Called Strike
Pancho Cervantez steals 2nd base
0-1: Called Strike
0-2: 2-RUN HOME RUN (Flyball, 7D, EV 98.1 MPH), Distance : 366 ft
Batting: RHB Kurt Carpenter 0-0: Ball
1-0: Ball
2-0: Foul Ball, location: 3DF
2-1: Foul Ball, location: 5FF
2-2: Ball
3-2: Base on Balls
Batting: LHB Juan Barrón 0-0: DOUBLE (Line Drive, 5D, EV 98.1 MPH)
Kurt Carpenter to third
Runner from 3rd tries for Home, throw by LF and OUT! 7-6-2
Top of the 4th over - 2 runs, 2 hits, 0 errors, 1 left on base; Colorado 2 - Pittsburgh 0
BOTTOM OF THE 4TH
Pittsburgh Pirates batting - Pitching for Colorado Rockies : RHP Ed Dunlap
Batting: LHB Raúl Gallegos 0-0: Ground out 2-3 (Groundball, 2R, EV 61.9 MPH)
Batting: LHB Devin Henderson 0-0: Ball
1-0: Swinging Strike
1-1: DOUBLE (Groundball, 3L, EV 110.0 MPH)
Batting: LHB Cisco Silva 0-0: Foul Ball, location: 2F
0-1: SINGLE (Flyball, 4D, EV 90.0 MPH)
Devin Henderson to third
Batting: LHB Jeff Dickson 0-0: Called Strike
0-1: Swinging Strike
0-2: Fly out, F9 (Flyball, 89XD, EV 105.6 MPH)
Runner from 3rd tags up, SCORES, no throw by RF
Batting: LHB Josh Mason 0-0: Ball
1-0: Called Strike
1-1: Ball
2-1: Swinging Strike
2-2: Ball
3-2: Ground out U3 (Groundball, 3, EV 76.9 MPH)
Bottom of the 4th over - 1 run, 2 hits, 0 errors, 1 left on base; Colorado 2 - Pittsburgh 1
TOP OF THE 5TH
Colorado Rockies batting - Pitching for Pittsburgh Pirates : RHP Jim Griffith
Batting: RHB Tim Burns 0-0: Ball
1-0: Foul Ball, location: 5DF
1-1: Called Strike
1-2: Ball
2-2: Ball
3-2: SINGLE (Groundball, 56S, EV 74.4 MPH) (infield hit)
Batting: LHB Juan Costa 0-0: Foul Ball, location: 5F
0-1: Foul Ball, location: 3F
0-2: Ball
1-2: Ball
2-2: Strikes out swinging
Batting: RHB Ron Long 0-0: Called Strike
0-1: Called Strike
0-2: Strikes out swinging
Batting: LHB Eric Merritt 0-0: Ball
1-0: Called Strike
1-1: Ball
2-1: Foul Ball, location: 5F
2-2: Foul Ball, location: 2F
2-2: Strikes out swinging
Top of the 5th over - 0 runs, 1 hit, 0 errors, 1 left on base; Colorado 2 - Pittsburgh 1
BOTTOM OF THE 5TH
Pittsburgh Pirates batting - Pitching for Colorado Rockies : RHP Ed Dunlap
Batting: LHB Juan Padilla 0-0: Ground out U3 (Groundball, 3, EV 100.0 MPH)
Batting: LHB José Velasco 0-0: Called Strike
0-1: Ball
1-1: Ball
2-1: DOUBLE (Line Drive, 78XD, EV 100.0 MPH)
Batting: RHB Al Sexton 0-0: Ball
1-0: Ball
2-0: Called Strike
2-1: Ball
3-1: Base on Balls
Batting: RHB José Fajardo 0-0: Called Strike
0-1: Swinging Strike
0-2: Ball
1-2: Strikes out looking
Batting: LHB Raúl Gallegos 0-0: Ball
1-0: Ball
2-0: Called Strike
2-1: Foul Ball, location: 2F
2-2: Ball
3-2: Base on Balls
José Velasco to third
Al Sexton to second
Batting: LHB Devin Henderson 0-0: Called Strike
0-1: Foul Ball, location: 2F
0-2: Strikes out swinging
Bottom of the 5th over - 0 runs, 1 hit, 0 errors, 3 left on base; Colorado 2 - Pittsburgh 1
TOP OF THE 6TH
Colorado Rockies batting - Pitching for Pittsburgh Pirates : RHP Jim Griffith
Batting: RHB Derek Hallyard 0-0: Ball
1-0: Ground out U3 (Groundball, 34, EV 101.3 MPH)
Batting: LHB Pancho Cervantez 0-0: Swinging Strike
0-1: Called Strike
0-2: Ball
1-2: Ball
2-2: Ground out U3 (Groundball, 3, EV 103.1 MPH)
Batting: LHB António Caligas 0-0: Foul Ball, location: 2F
0-1: Called Strike
0-2: Ball
1-2: SINGLE (Groundball, 34D, EV 103.1 MPH)
Batting: RHB Kurt Carpenter 0-0: Ball
1-0: Swinging Strike
1-1: Ball
2-1: Swinging Strike
2-2: SINGLE (Line Drive, 89S, EV 99.4 MPH)
António Caligas to second
Runner from 2nd tries for 3rd, SAFE, throw by CF made to third
Batting: LHB Juan Barrón 0-0: Swinging Strike
0-1: Ball
1-1: Swinging Strike
1-2: SINGLE (Groundball, 34D, EV 110.6 MPH)
António Caligas scores
Kurt Carpenter to second
Runner from 2nd tries for 3rd, SAFE, throw by RF made to third
Batting: RHB Tim Burns 0-0: Ball
1-0: Ball
2-0: Called Strike
2-1: Ball
3-1: Base on Balls
Juan Barrón to second
Batting: LHB Juan Costa 0-0: Ball
1-0: Called Strike
1-1: Fielders Choice at 2nd, 6-4 (Groundball, 6, EV 93.1 MPH)
Top of the 6th over - 1 run, 3 hits, 0 errors, 3 left on base; Colorado 3 - Pittsburgh 1
BOTTOM OF THE 6TH
Pittsburgh Pirates batting - Pitching for Colorado Rockies : RHP Ed Dunlap
Batting: LHB Cisco Silva 0-0: Called Strike
0-1: SOLO HOME RUN (Flyball, 7D, EV 98.1 MPH), Distance : 388 ft
Batting: LHB Jeff Dickson 0-0: Ball
1-0: Called Strike
1-1: Called Strike
1-2: Ball
2-2: Foul Ball, location: 2F
2-2: Ball
3-2: Base on Balls
Batting: LHB Josh Mason 0-0: Called Strike
0-1: Ball
1-1: Swinging Strike
1-2: Strikes out looking
Batting: LHB Juan Padilla 0-0: Ball
1-0: Foul Ball, location: 2F
1-1: SINGLE (Line Drive, 78S, EV 96.9 MPH)
Jeff Dickson to second
Batting: LHB José Velasco 0-0: Ball
1-0: Ground out U3 (Groundball, 13, EV 80.0 MPH)
Jeff Dickson to third
Juan Padilla to second
Batting: RHB Al Sexton 0-0: Called Strike
0-1: Ball
Wild Pitch!
Jeff Dickson scores
Juan Padilla to third
1-1: Intentional Walk
Batting: RHB José Fajardo 0-0: Ball
1-0: Ball
Al Sexton steals 2nd base (no throw)
2-0: Called Strike
2-1: Fly out, F6 (Popup, 6M, EV 61.9 MPH)
Bottom of the 6th over - 2 runs, 2 hits, 0 errors, 2 left on base; Colorado 3 - Pittsburgh 3
TOP OF THE 7TH
Colorado Rockies batting - Pitching for Pittsburgh Pirates : RHP Jim Griffith
Batting: RHB Ron Long 0-0: Called Strike
0-1: Ground out 5-3 (Groundball, 56, EV 98.8 MPH)
Batting: LHB Eric Merritt 0-0: Called Strike
0-1: Ball
1-1: Called Strike
1-2: Ground out U3 (Groundball, 34, EV 93.1 MPH)
Batting: RHB Derek Hallyard 0-0: Called Strike
0-1: Ball
1-1: Ball
2-1: Ball
3-1: Base on Balls
Pitching: RHP Geoff Groves
Batting: LHB Pancho Cervantez 0-0: Called Strike
0-1: 2-RUN HOME RUN (Flyball, 9D, EV 105.0 MPH), Distance : 390 ft
Pitching: RHP Tim Mitchell
Batting: LHB António Caligas 0-0: Ball
1-0: Called Strike
1-1: Hit by Pitch
Batting: RHB Kurt Carpenter 0-0: Called Strike
0-1: Fielders Choice at 2nd, 6-4 (Groundball, 6, EV 103.1 MPH)
Top of the 7th over - 2 runs, 1 hit, 0 errors, 1 left on base; Colorado 5 - Pittsburgh 3
BOTTOM OF THE 7TH
Pittsburgh Pirates batting - Pitching for Colorado Rockies : RHP Ed Dunlap
Batting: LHB Raúl Gallegos 0-0: Ball
1-0: Called Strike
1-1: Fly out, F8 (Flyball, 8RM, EV 95.6 MPH)
Batting: LHB Devin Henderson 0-0: Ball
1-0: Ball
2-0: Foul Ball, location: 2F
2-1: Foul Ball, location: 2F
2-2: DOUBLE (Flyball, 8RD, EV 110.6 MPH)
Batting: LHB Cisco Silva 0-0: Ball
1-0: Ball
2-0: Ball
3-0: Base on Balls
Batting: LHB Jeff Dickson 0-0: Swinging Strike
0-1: Ball
1-1: Ball
2-1: Ball
3-1: Foul Ball, location: 25F
3-2: Base on Balls
Devin Henderson to third
Cisco Silva to second
Batting: LHB Josh Mason 0-0: Called Strike
0-1: Foul Ball, location: 7LSF
0-2: Ball
1-2: Strikes out swinging
Pitching: RHP Ánibal Cordero
Batting: LHB Juan Padilla 0-0: Called Strike
0-1: Foul Ball, location: 23FF
0-2: Ball
1-2: Fly out, F7 (Flyball, 78S, EV 92.5 MPH)
Bottom of the 7th over - 0 runs, 1 hit, 0 errors, 3 left on base; Colorado 5 - Pittsburgh 3
TOP OF THE 8TH
Colorado Rockies batting - Pitching for Pittsburgh Pirates : RHP Tim Mitchell
Pitching: LHP Damian Wiley
Batting: LHB Juan Barrón 0-0: Ball
1-0: Ground out 5-3 (Groundball, 5, EV 101.3 MPH)
Batting: RHB Tim Burns 0-0: Called Strike
0-1: Ball
1-1: Ball
2-1: Ball
3-1: Foul Ball, location: 25F
3-2: Strikes out swinging
Batting: LHB Juan Costa 0-0: DOUBLE (Flyball, 8LD, EV 105.6 MPH)
Batting: RHB Ron Long 0-0: Ball
1-0: Ball
2-0: Called Strike
2-1: Ball
3-1: Base on Balls
Batting: LHB Eric Merritt 0-0: Foul Ball, location: 3F
0-1: Ball
1-1: Ground out U3 (Groundball, 3L, EV 108.8 MPH)
Top of the 8th over - 0 runs, 1 hit, 0 errors, 2 left on base; Colorado 5 - Pittsburgh 3
BOTTOM OF THE 8TH
Pittsburgh Pirates batting - Pitching for Colorado Rockies : RHP Ánibal Cordero
Pitching: LHP Johnny George
Batting: LHB José Velasco 0-0: Ball
1-0: Foul Ball, location: 3F
1-1: Fly out, F9 (Flyball, 9S, EV 89.4 MPH)
Batting: RHB Al Sexton 0-0: Ball
1-0: Ground out 6-3 (Groundball, 56, EV 77.5 MPH)
Batting: RHB José Fajardo 0-0: Called Strike
0-1: Ball
1-1: Swinging Strike
1-2: Ball
2-2: Strikes out looking
Bottom of the 8th over - 0 runs, 0 hits, 0 errors, 0 left on base; Colorado 5 - Pittsburgh 3
TOP OF THE 9TH
Colorado Rockies batting - Pitching for Pittsburgh Pirates : LHP Damian Wiley
Batting: RHB Derek Hallyard 0-0: Called Strike
0-1: Foul Ball, location: 2F
0-2: Foul Ball, location: 9LMF
0-2: Ball
1-2: Fly out, F6 (Popup, 15, EV 83.8 MPH)
Batting: LHB Pancho Cervantez 0-0: Swinging Strike
0-1: Ground out 4-3 (Groundball, 4, EV 79.4 MPH)
Batting: LHB António Caligas 0-0: Ball
1-0: Ball
2-0: SINGLE (Groundball, 34D, EV 105.6 MPH)
Batting: RHB Kurt Carpenter 0-0: Swinging Strike
0-1: Foul Ball, location: 9LSF
0-2: Strikes out swinging
Top of the 9th over - 0 runs, 1 hit, 0 errors, 1 left on base; Colorado 5 - Pittsburgh 3
BOTTOM OF THE 9TH
Pittsburgh Pirates batting - Pitching for Colorado Rockies : LHP Johnny George
Batting: LHB Raúl Gallegos 0-0: Fly out, F4 (Popup, 4S, EV 65.6 MPH)
Pinch Hitting: RHB José Medina 0-0: Ball
1-0: SINGLE (Line Drive, 8LS, EV 85.0 MPH)
Batting: LHB Cisco Silva 0-0: Grounds into double play, 6-4-3 (Groundball, 6M, EV 110.0 MPH)
Bottom of the 9th over - 0 runs, 1 hit, 0 errors, 0 left on base; Colorado 5 - Pittsburgh 3
Sunday, March 24th , 2024 - OOTP Baseball 24.10 Build 82